 Dungeon Crawl Stone Soup version 0.15.0-31-geb66e34 (webtiles) character file.

110301 Moondog the Eclecticist (level 16, -5/103 HPs)
             Began as a High Elf Wizard on Sept 8, 2014.
             Was a High Priest of Vehumet.
             Killed from afar by Roxanne (19 damage)
             ... with an orb of energy
             ... on Level 15 of the Dungeon on Sept 14, 2014.
             The game lasted 05:13:27 (46073 turns).

Moondog the Eclecticist (High Elf Wizard)          Turns: 46073, Time: 05:13:28

HP  -5/103       AC 10     Str 13      XL: 16   Next:  6%
MP  27/40        EV 19     Int 28      God: Vehumet [*****.]
Gold 2317        SH  0     Dex 20      Spells: 11 memorised,  1 level left

rFire  . . .     SeeInvis .     M - staff of conjuration (curse)
rCold  + + +     Clarity  +     a - +2 robe {rC+}
rNeg   . . .     rCorr    .     (no shield)
rPois  .         rRot     .     h - +1 helmet of Weqitiev {rC+ Dex+2 Slay-1}
rElec  .         Spirit   .     I - +0 cloak
SustAb .         Warding  .     V - +0 pair of gloves {rF+}
rMut   .         Stasis   .     f - +0 pair of boots
Gourm  .                        g - amulet of clarity
MR     ++...                    l - ring of Skuyca Shror {MR+ Str+5 Dex+4}
                                Y - ring of ice

@: very resistant to hostile enchantments, unstealthy
A: no striking features
a: Renounce Religion


You were on level 15 of the Dungeon.
You worshipped Vehumet.
Vehumet was extremely pleased with you.
You were very hungry.

You visited 4 branches of the dungeon, and saw 28 of its levels.
You visited 1 bazaar.
You also visited: Labyrinth and Volcano.

You collected 2596 gold pieces.
You spent 279 gold pieces at shops.

Inventory:

Hand weapons
 N - the +6 mace of Wuom {pain, rElec rF+ Int+2}
   (You found it on level 4 of the Lair of Beasts)

   In the hands of one skilled in necromantic magic, it inflicts extra damage on
   living creatures.
   It affects your intelligence (+2).
   It protects you from fire.
   It insulates you from electricity.
Armour
 a - a +2 robe of cold resistance (worn)
 f - a +0 pair of boots (worn)
 h - the +1 helmet of Weqitiev (worn) {rC+ Dex+2 Slay-1}
   (You found it on level 10 of the Dungeon)

   It affects your dexterity (+2).
   It affects your accuracy and damage with ranged weapons and melee attacks
   (-1).
   It protects you from cold.
 I - a +0 cloak (worn)
 V - a +0 pair of gloves of fire resistance (worn)
Magical devices
 j - a wand of teleportation (7)
 k - a wand of lightning (1)
 p - a wand of polymorph (9)
 r - a wand of disintegration (20)
 E - a wand of digging (5)
 K - a wand of cold (4)
 O - a wand of heal wounds (6)
Comestibles
 d - 7 bread rations
 A - 2 rotting chunks of deep troll flesh
 Z - 8 fruits
Scrolls
 e - 2 scrolls of identify
 n - 3 scrolls of fog
 q - a scroll of blinking
 x - a scroll of summoning
 y - 3 scrolls of teleportation
 J - 10 scrolls of remove curse
Jewellery
 b - an uncursed ring of protection from cold
 c - the ring "Jiqinaq" {Dex+5 Stlth+}
   (You found it on level 8 of the Lair of Beasts)

   [ring of dexterity]

   It affects your dexterity (+5).
   It makes you more stealthy.
 g - an amulet of clarity (around neck)
 l - the ring of Skuyca Shror (right hand) {MR+ Str+5 Dex+4}
   (You found it on level 8 of the Lair of Beasts)

   [ring of protection from magic]

   It affects your strength (+5).
   It affects your dexterity (+4).
   It affects your resistance to hostile enchantments.
 m - an uncursed ring of magical power
 u - an uncursed amulet of warding
 Y - a ring of ice (left hand)
Potions
 i - a potion of porridge
 o - 2 potions of brilliance
 t - a potion of resistance
 v - a potion of magic
 z - 4 potions of heal wounds
 G - a potion of berserk rage
 H - 3 potions of invisibility
 P - a potion of haste
 X - 3 potions of curing
Magical staves
 M - a cursed staff of conjuration (weapon)


   Skills:
 - Level 7.0 Fighting
 - Level 4.1 Armour
 + Level 8.3 Dodging
 - Level 2.1 Stealth
 - Level 16.1 Spellcasting
 + Level 13.7 Conjurations
 - Level 10.3 Charms
   Level 0.8 Summonings
 - Level 3.1 Translocations
 - Level 14.2 Ice Magic
 - Level 4.1 Air Magic
 - Level 5.8 Poison Magic


You had one spell level left.
You knew the following spells:

 Your Spells              Type           Power        Failure   Level  Hunger
a - Magic Dart            Conj           ####         0%          1    None
c - Bolt of Cold          Conj/Ice       ########..   1%          6    ###....
d - Iskenderun's Mystic   Conj           #######.     1%          4    None
e - Conjure Flame         Conj/Fire      ######..     1%          3    None
f - Freezing Cloud        Conj/Ice/Air   ########..   1%          6    ###....
h - Haste                 Chrm           ######..     6%          6    ###....
o - Orb of Destruction    Conj           #######...   2%          7    #####..
p - Poison Arrow          Conj/Pois      #######...   2%          6    ###....
r - Repel Missiles        Chrm/Air       ######       1%          2    None
s - Mephitic Cloud        Conj/Pois/Air  #######.     1%          3    None
z - Blink                 Tloc           N/A          1%          2    None


Dungeon Overview and Level Annotations

Branches:
Dungeon (15/15)            Temple (1/1) D:7             Orc (4/4) D:10
    Elf (0/3) Orc:3          Lair (8/8) D:8          Shoals (0/5) Lair:6
 Spider (0/5) Lair:3        Slime (0/6) Lair:6       Vaults (0/5) D:13
 Depths (0/5) D:15

Altars:
Ashenzari
Cheibriados
Dithmenos
Kikubaaqudgha
Makhleb
Nemelex Xobeh
Okawaru
Sif Muna
Trog
Vehumet
Yredelemnul
The Shining One
Beogh

Shops:
Orc:2 [   Orc:4 =*[(

Annotations:
D:15 exclusion: Roxanne, Roxanne
Lair:1 exclusion: ice statue


Message History

Things that are here:
a runed long sword; a robe
Casting: Orb of Destruction
Confirm with . or Enter, or press ? or * to list all spells.
Aiming: Orb of Destruction
Press: ? - help, Shift-Dir - straight line, f/p - Roxanne
Aim: Roxanne You feel a surge of power!
You are feeling very hungry.
Your orb of destruction hits a rock wall.
You hear a grinding noise.
Roxanne casts a spell.
The iron shot hits you!
* * * LOW HITPOINT WARNING * * *
There is a stone staircase leading up, spattered with blood here.
Things that are here:
a dagger; a robe; an orc corpse Roxanne mumbles some strange words.
The orb of energy hits you!
You die...

#......#.....# ######.#.....##
#.#......### #####.#....(.#..
#.............## #.......####.##
##.###.#.####.#
###...####......##
#########)@.#...#........##
#######....))..).§.<..#.#####.#..
.....####.#####..§......##.##.##.
####.# #.# #.....8.....#....).
...#(####.#####.#...?....###..###
#...............#...#.#.#.#.#.# #
.....####.#####.......#.......# #
##.### #..........######...### #
##.# #.#####....# #...# #


You could see Roxanne.

Vanquished Creatures
  An orc warlord (Orc:4)
  Gastronok (D:8)
  A stone giant (Orc:3)
  Azrael (D:14)
  2 ettins
  A minotaur (Lab)
  3 vault guards (D:13)
  Fannar (D:10)
  7 hydras
  3 ogre magi
  25 death yaks
  2 tengu warriors (D:15)
  Urug (D:14)
  4 orc high priests
  Nergalle (Lair:6)
  The ghost of gigot the Grappler, an experienced MiMo of Dithmenos (D:8)
  A deep troll (D:15)
  3 catoblepae (Lair:8)
  A fire crab (shapeshifter) (D:14)
  An unseen horror (shapeshifter) (D:14)
  An orb spider (Lair:3)
  A wizard (D:15)
  6 orc knights
  6 orc sorcerers
  5 statues (Volcano)
  4 ugly things (D:15)
  4 hill giants
  3 cyclopes
  An oklob plant (Lair:6)
  11 elephants
  7 spiny frogs
  3 black mambas
  A feature mimic (Lair:2)
  Psyche (D:11)
  3 gargoyles (D:13)
  An item mimic (D:11)
  9 komodo dragons
  A freezing wraith (Lair:1)
  2 fire drakes
  A queen bee (shapeshifter) (D:15)
  2 tengu conjurers (D:15)
  2 polar bears (Lair:1)
  7 trolls
  3 slime creatures (D:12)
  A trapdoor spider zombie (D:11)
  A boulder beetle (Lair:6)
  6 basilisks
  5 ravens (D:15)
  27 blink frogs
  A trapdoor spider (Lair:7)
  5 fire bats
  A hill giant zombie (D:9)
  A fire elemental (D:14)
  7 hippogriffs
  The ghost of Zrachosh the Slasher, an average DsAK of Lugonu (D:5)
  2 wyverns
  A steam dragon (D:8)
  3 vampire mosquitoes (D:15)
  47 yaks
  A hill giant skeleton (D:4)
  2 wargs (Orc:3)
  7 hell hounds (D:14)
  21 wolves
  2 mottled dragons
  35 water moccasins
  15 ice beasts
  3 sky beasts
  An ogre skeleton (D:14)
  A black bear (D:12)
  13 porcupines
  4 phantoms
  8 centaurs
  A swamp drake (D:11)
  8 ogres
  17 crocodiles
  3 yellow wasps
  43 orc warriors
  3 boring beetles
  2 big kobolds
  17 giant frogs
  A fire crab zombie (D:15)
  21 jellies
  A cyclops skeleton (D:14)
  2 scorpions
  4 killer bees (D:12)
  A hippogriff zombie (D:12)
  15 wights
  A hippogriff skeleton (D:10)
  3 electric eels
  8 hounds
  11 crimson imps
  3 lava snakes (Volcano)
  3 gnoll shamans (D:12)
  4 goliath beetles
  A two-headed ogre zombie (D:9)
  42 orc priests
  A basilisk skeleton (D:15)
  48 orc wizards
  3 quasits
  8 iguanas
  17 sheep
  9 worker ants
  A killer bee zombie (D:6)
  A sky beast zombie (D:7)
  Ijyb (D:3)
  Terence (D:3)
  A mummy (D:10)
  14 gnolls
  77 green rats
  A gnoll skeleton (D:10)
  A white imp (Lair:1)
  4 shadow imps
  35 adders
  3 giant mites
  5 worms
  6 giant geckos
  6 oozes
  171 orcs
  13 bats
  4 giant cockroaches
  34 goblins
  19 hobgoblins
  10 jackals
  14 quokkas
  3 ball pythons
  5 giant newts
  2 giant spores
  A hobgoblin skeleton (D:5)
  18 kobolds
  19 rats
  A rat skeleton (D:6)
  A rat zombie (D:6)
  8 ballistomycetes
  11 fungi
  17 plants
1177 creatures vanquished.

Vanquished Creatures (collateral kills)
  A hobgoblin (D:3)
1 creature vanquished.

Vanquished Creatures (others)
  A kobold (D:4)
  8 fungi
  9 plants
18 creatures vanquished.

Grand Total: 1196 creatures vanquished

Notes
Turn   | Place    | Note
--------------------------------------------------------------
     0 | D:1      | Moondog, the High Elf Wizard, began the quest for the Orb.
     0 | D:1      | Reached XP level 1. HP: 11/11 MP: 5/5
   240 | D:1      | Reached XP level 2. HP: 10/17 MP: 0/7
   434 | D:1      | Learned a level 2 spell: Blink
  1013 | D:1      | Reached skill level 4 in Spellcasting
  1117 | D:1      | Reached XP level 3. HP: 21/21 MP: 8/11
  1201 | D:1      | Learned a level 3 spell: Mephitic Cloud
  1205 | D:1      | Learned a level 3 spell: Conjure Flame
  1661 | D:2      | Found a sparkling altar of Nemelex Xobeh.
  1737 | D:2      | Reached XP level 4. HP: 24/27 MP: 2/14
  2224 | D:2      | You fall through a shaft!
  2519 | D:3      | Noticed Ijyb
  2548 | D:3      | Killed Ijyb
  2710 | D:3      | Noticed Terence
  2716 | D:3      | Killed Terence
  2720 | D:3      | Learned a level 2 spell: Repel Missiles
  3040 | D:3      | Reached XP level 5. HP: 26/31 MP: 3/17
  3205 | D:3      | Reached skill level 1 in Air Magic
  3294 | D:3      | Reached skill level 1 in Poison Magic
  3587 | D:3      | Reached skill level 5 in Spellcasting
  3915 | D:3      | Reached XP level 6. HP: 36/36 MP: 4/20
  4070 | D:4      | Found a radiant altar of Vehumet.
  4115 | D:4      | Became a worshipper of Vehumet
  4726 | D:4      | Noticed a hill giant skeleton
  4732 | D:4      | Killed a hill giant skeleton
  4823 | D:4      | Reached XP level 7. HP: 41/41 MP: 9/22
  4903 | D:4      | Reached skill level 5 in Conjurations
  5189 | D:4      | Acquired Vehumet's first power
  5189 | D:4      | Offered knowledge of Shock by Vehumet.
  5268 | D:4      | Reached skill level 6 in Spellcasting
  6002 | D:5      | Entered Level 5 of the Dungeon
  6104 | D:5      | Noticed Zrachosh's ghost (average DsAK)
  6119 | D:5      | Killed Zrachosh's ghost
  6119 | D:5      | Reached XP level 8. HP: 46/46 MP: 9/24
  6664 | D:5      | Reached skill level 7 in Conjurations
  6815 | D:5      | Found a shattered altar of Ashenzari.
  6832 | D:5      | Offered knowledge of Flame Tongue by Vehumet.
  7307 | D:6      | Reached skill level 8 in Conjurations
  7994 | D:6      | Found a deep blue altar of Sif Muna.
  8242 | D:6      | Reached skill level 5 in Dodging
  8245 | D:6      | Reached XP level 9. HP: 51/51 MP: 1/25
  8377 | D:6      | Reached skill level 9 in Conjurations
  8503 | D:6      | Found a basalt altar of Yredelemnul.
  9072 | D:7      | Offered knowledge of Static Discharge by Vehumet.
  9265 | D:7      | Reached skill level 1 in Charms
  9434 | D:7      | Found a staircase to the Ecumenical Temple.
  9440 | Temple   | Entered the Ecumenical Temple
  9531 | D:7      | Found a snail-covered altar of Cheibriados.
  9668 | D:7      | Found a burning altar of Makhleb.
  9767 | D:8      | Acquired Vehumet's second power
  9769 | D:8      | Found a shadowy altar of Dithmenos.
  9785 | D:8      | Found a staircase to the Lair.
  9958 | D:8      | Found a bloodstained altar of Trog.
 10001 | D:8      | Noticed Gastronok
 10064 | D:8      | Noticed gigot's ghost (experienced MiMo)
 10527 | D:8      | Reached skill level 1 in Fighting
 10618 | D:8      | Killed gigot's ghost
 10755 | Lair:1   | Entered Level 1 of the Lair of Beasts
 10978 | Lair:1   | Reached XP level 10. HP: 58/63 MP: 6/27
 11377 | Lair:1   | Offered knowledge of Iskenderun's Mystic Blast by Vehumet.
 11383 | Lair:1   | Learned a level 4 spell: Iskenderun's Mystic Blast
 11431 | Lair:1   | Noticed an ice statue
 11923 | Lair:1   | Reached skill level 10 in Conjurations
 12150 | Lair:1   | Noticed a black mamba
 12157 | Lair:1   | Killed a black mamba
 12314 | Lair:1   | Reached skill level 5 in Fighting
 12690 | Lair:1   | Noticed a spiny frog
 12718 | Lair:1   | Killed a spiny frog
 12720 | Lair:1   | Gained mutation: Your spells are a little easier to cast, but a little less powerful. [potion of mutation]
 12720 | Lair:1   | Gained mutation: You are frail (-10% HP). [potion of mutation]
 12720 | Lair:1   | Gained mutation: You tend to lose your temper in combat. [potion of mutation]
 13293 | Lair:1   | Noticed a fire drake
 13318 | Lair:1   | Acquired Vehumet's third power
 13333 | Lair:1   | Killed a fire drake
 13433 | Lair:1   | Offered knowledge of Airstrike by Vehumet.
 13617 | Lair:1   | Reached XP level 11. HP: 64/64 MP: 14/30
 13750 | Lair:1   | Reached skill level 11 in Conjurations
 14096 | Lair:2   | Noticed a six-headed hydra
 14102 | Lair:2   | Killed a six-headed hydra
 14929 | Lair:2   | Learned a level 6 spell: Poison Arrow
 15135 | Lair:2   | Reached skill level 1 in Armour
 15625 | Lair:2   | Reached skill level 10 in Spellcasting
 16989 | Lair:3   | Noticed a seven-headed hydra
 17124 | Lair:3   | Killed a seven-headed hydra
 17409 | Lair:3   | Offered knowledge of Lightning Bolt by Vehumet.
 17557 | Lair:3   | Learned a level 6 spell: Bolt of Cold
 17920 | Lair:3   | Reached skill level 1 in Ice Magic
 17942 | Lair:3   | Reached XP level 12. HP: 27/72 MP: 4/33
 18423 | Lair:3   | Found a hole to the Spider Nest.
 18423 | Lair:3   | Noticed an orb spider
 18425 | Lair:3   | Killed an orb spider
 19026 | Lair:4   | Reached skill level 5 in Poison Magic
 19350 | Lair:4   | Found a dark tunnel.
 19357 | Lair:4   | Got a blackened mace
 19362 | Volcano  | Entered a volcano
 20339 | Volcano  | Found a burning altar of Makhleb.
 20365 | Volcano  | Learned a level 6 spell: Freezing Cloud
 20510 | Lair:4   | Identified the +6 mace of Wuom {pain, rElec rF+ Int+2} (You found it on level 4 of the Lair of Beasts)
 21022 | Lair:5   | Reached skill level 5 in Ice Magic
 21181 | Lair:5   | Reached skill level 12 in Spellcasting
 22488 | Lair:6   | Found a staircase to the Shoals.
 22524 | Lair:6   | Upgraded the game from 0.15.0-23-gc2b521c to 0.15.0-27-gbdb0435
 22650 | Lair:6   | Found a staircase to the Slime Pits.
 22826 | Lair:6   | Offered knowledge of Poisonous Cloud by Vehumet.
 22953 | Lair:6   | Reached XP level 13. HP: 77/77 MP: 21/35
 23047 | Lair:6   | Reached skill level 13 in Spellcasting
 23177 | Lair:6   | Found a glowing golden altar of the Shining One.
 23461 | Lair:6   | Noticed Nergalle
 23463 | Lair:6   | Killed Nergalle
 23599 | Lair:6   | Noticed a five-headed hydra
 23604 | Lair:6   | Killed a five-headed hydra
 23708 | Lair:6   | Noticed a seven-headed hydra
 23711 | Lair:6   | Killed a seven-headed hydra
 24826 | Lair:7   | Reached skill level 14 in Spellcasting
 24892 | Lair:7   | Learned a level 6 spell: Haste
 26255 | Lair:8   | Entered Level 8 of the Lair of Beasts
 26304 | Lair:7   | Reached skill level 10 in Ice Magic
 26576 | Lair:8   | Offered knowledge of Lee's Rapid Deconstruction by Vehumet.
 27070 | Lair:8   | Reached XP level 14. HP: 54/82 MP: 15/37
 27306 | Lair:8   | Lost mutation: Your spells are a little easier to cast, but a little less powerful. [potion of cure mutation]
 27306 | Lair:8   | Lost mutation: You tend to lose your temper in combat. [potion of cure mutation]
 27306 | Lair:8   | Lost mutation: You are frail (-10% HP). [potion of cure mutation]
 27448 | Lair:8   | Upgraded the game from 0.15.0-27-gbdb0435 to 0.15.0-31-geb66e34
 28748 | Lair:8   | Reached skill level 15 in Spellcasting
 29266 | Lair:8   | Got a heavily runed steel ring
 29268 | Lair:8   | Got a pitted glass ring
 29272 | Lair:8   | Identified the ring "Jiqinaq" {Dex+5 Stlth+} (You found it on level 8 of the Lair of Beasts)
 29273 | Lair:8   | Identified the ring of Skuyca Shror {MR+ Str+5 Dex+4} (You found it on level 8 of the Lair of Beasts)
 30695 | D:10     | Entered Level 10 of the Dungeon
 31012 | D:10     | Noticed Fannar
 31016 | D:10     | Killed Fannar
 31219 | D:10     | Got a blackened helmet
 31230 | D:10     | Identified the +1 helmet of Weqitiev {rC+ Dex+2 Slay-1} (You found it on level 10 of the Dungeon)
 31297 | D:10     | Found a staircase to the Orcish Mines.
 32337 | D:11     | Identified a scroll of acquirement
 32466 | D:11     | Offered knowledge of Delayed Fireball by Vehumet.
 32802 | D:11     | Noticed Psyche
 32804 | D:11     | Killed Psyche
 33458 | D:11     | Reached skill level 10 in Charms
 34181 | D:12     | Reached XP level 15. HP: 97/97 MP: 37/38
 35636 | D:12     | Offered knowledge of Spellforged Servitor by Vehumet.
 35789 | Orc:1    | Entered Level 1 of the Orcish Mines
 35912 | Orc:1    | Found a roughly hewn altar of Beogh.
 36494 | Orc:2    | Found Yjuqisi's Armour Shoppe.
 36503 | Orc:2    | Found a bloodstained altar of Trog.
 36599 | Orc:2    | Found a roughly hewn altar of Beogh.
 37258 | Orc:3    | Found a staircase to the Elven Halls.
 37619 | Orc:2    | Offered knowledge of Conjure Ball Lightning by Vehumet.
 38251 | Orc:4    | Entered Level 4 of the Orcish Mines
 38268 | Orc:4    | Found a flickering gateway to a bazaar.
 38286 | Bazaar   | Entered a bazaar
 38286 | Bazaar   | Found Jafif's Book Shoppe.
 38286 | Bazaar   | Found Thixtokk's Distillery.
 38286 | Bazaar   | Found Micoid's Food Shoppe.
 38287 | Bazaar   | Found Sozumn's Gadget Shop.
 38288 | Bazaar   | Found Wuppor's Assorted Antiques.
 38288 | Bazaar   | Found Seng's Distillery.
 38296 | Bazaar   | Bought a red potion for 18 gold pieces
 38296 | Bazaar   | Bought a lumpy orange potion for 18 gold pieces
 38302 | Bazaar   | Bought a potion of brilliance for 35 gold pieces
 38302 | Bazaar   | Bought a potion of decay for 28 gold pieces
 38309 | Bazaar   | Bought a potion of confusion for 17 gold pieces
 38309 | Bazaar   | Bought a potion of magic for 93 gold pieces
 38318 | Bazaar   | Bought a bread ration for 35 gold pieces
 38318 | Bazaar   | Bought a bread ration for 35 gold pieces
 38741 | Orc:4    | Offered knowledge of Orb of Destruction by Vehumet.
 40068 | Orc:4    | Found Khymocumm's Antique Armour Boutique.
 40069 | Orc:4    | Found Pamyvorya's Antique Weapon Boutique.
 40071 | Orc:4    | Found Ruann's General Store.
 40071 | Orc:4    | Found Mosyar's Jewellery Shop.
 40434 | Orc:4    | Found an iron altar of Okawaru.
 41145 | D:8      | Killed Gastronok
 42231 | D:13     | Found a gate to the Vaults.
 43160 | D:14     | Noticed Azrael
 43168 | D:14     | Killed Azrael
 43388 | D:14     | Noticed Urug
 43395 | D:14     | Killed Urug
 43452 | D:14     | Reached skill level 16 in Spellcasting
 43461 | D:14     | Learned a level 7 spell: Orb of Destruction
 44096 | D:15     | Entered Level 15 of the Dungeon
 44096 | D:15     | Noticed Roxanne
 44148 | D:15     | Found a labyrinth entrance.
 44170 | Lab      | Entered a labyrinth
 44347 | D:15     | Offered knowledge of Shatter by Vehumet.
 44347 | D:15     | Offered knowledge of Chain Lightning by Vehumet.
 44347 | D:15     | Offered knowledge of Tornado by Vehumet.
 45651 | D:15     | Reached XP level 16. HP: 103/103 MP: 28/40
 45727 | D:15     | Found a staircase to the Depths.
 46073 | D:15     | Killed from afar by Roxanne

Action                   |  1- 3 |  4- 6 |  7- 9 | 10-12 | 13-15 | 16-18 || total
-------------------------+-------+-------+-------+-------+-------+-------++-------
Melee: Unarmed           |     1 |       |       |       |       |       ||     1
       Short sword       |    11 |    11 |       |       |       |       ||    22
       Dagger            |       |    11 |    71 |   205 |       |       ||   287
       Staff             |       |       |       |     1 |     2 |       ||     3
       Mace              |       |       |       |       |    14 |       ||    14
 Fire: Blowgun           |       |     3 |    12 |     4 |       |       ||    19
 Cast: Magic Dart        |    83 |   155 |   343 |   208 |   272 |       ||  1061
       Conjure Flame     |     3 |     6 |    39 |    44 |    35 |       ||   127
       Mephitic Cloud    |       |     8 |    36 |    61 |       |       ||   105
       Blink             |       |     2 |    13 |    17 |     4 |       ||    36
       Repel Missiles    |       |       |     1 |     1 |     1 |       ||     3
       Iskenderun's Myst |       |       |       |   248 |   479 |    10 ||   737
       Poison Arrow      |       |       |       |    21 |    86 |     4 ||   111
       Freezing Cloud    |       |       |       |     9 |   134 |     1 ||   144
       Bolt of Cold      |       |       |       |     4 |    69 |     1 ||    74
       Orb of Destructio |       |       |       |       |     3 |     4 ||     7
Evoke: Wand              |       |       |     7 |     7 |     9 |       ||    23
  Use: Scroll            |       |       |    10 |    17 |    12 |       ||    39
       Potion            |       |       |       |     8 |     4 |       ||    12
 Stab: Confused          |       |       |     8 |    26 |       |       ||    34
       Sleeping          |       |       |     1 |     2 |       |       ||     3
  Eat: Chunk             |     3 |    10 |    19 |    27 |    90 |     2 ||   151
       Pizza             |       |       |       |     4 |       |       ||     4
       Bread ration      |       |       |       |     1 |     1 |       ||     2
       Meat ration       |       |       |       |     2 |     2 |       ||     4
       Fruit             |       |       |       |     1 |     4 |       ||     5
